 Dungeon Crawl Stone Soup version 0.30-a0-1163-gf69bf04e7a (webtiles) character file.

Game seed: 9930184872678018483

1400 greenreed the Fighter (level 8, -1/72 (74) HPs)
             Began as a Minotaur Berserker on Apr 28, 2023.
             Was an Elder of Trog.
             Slain by an orc
             ... wielding a +0 short sword
              (3 damage)
             ... on level 5 of the Dungeon.
             The game lasted 00:10:07 (4577 turns).

greenreed the Fighter (Minotaur Berserker)          Turns: 4577, Time: 00:10:07

HP:   -1/72 (74)    AC: 12    Str: 20    XL:     8   Next: 41%
MP:   7/7           EV:  7    Int:  2    God:    Trog [****..]
Gold: 279           SH:  0    Dex: 10    Spells: 7/7 levels left

rFire   . . .        p - +0 trident
rCold   . . .        (no shield)
rNeg    . . .        e - +0 plate armour
rPois   .            (helmet restricted)
rElec   .            (no cloak)
rCorr   .            (no gloves)
SInv    .            (no boots)
Will    .....        D - amulet of Jevupiad {Acrobat Str-4 Int-2 Slay+5 Stlth+} Stlth
                     j - ring of flight
HPRegen 0.32/turn    (no ring)
MPRegen 0.10/turn

%: acrobat
@: mighty, flying, hasted, lightly drained, very quick
A: horns 2, retaliatory headbutt
a: Renounce Religion, Berserk, Trog's Hand, Brothers in Arms


You were on level 5 of the Dungeon.
You worshipped Trog.
Trog was greatly pleased with you.
You visited 1 branch of the dungeon, and saw 5 of its levels.
You also visited: Sewer.

You collected 279 gold pieces.

Inventory:

Hand Weapons
 p - a +0 trident (weapon)
 v - a +0 glaive
 z - a +0 halberd
Missiles
 A - a throwing net (quivered)
 B - 6 javelins
 E - 6 poisoned darts
Armour
 e - a +0 plate armour (worn)
Jewellery
 j - a ring of flight (left hand)
 w - a ring of ice
 D - the amulet of Jevupiad (around neck) {Acrobat Str-4 Int-2 Slay+5 Stlth+}
   (You found it in a sewer)

   [amulet of the acrobat]

   It increases your evasion while moving and waiting.
   Str:       It affects your strength (-4).
   Int:       It affects your intelligence (-2).
   Slay:      It affects your accuracy & damage with ranged weapons and melee
   (+5).
   Stlth:     It makes you more stealthy.
Scrolls
 b - 3 scrolls of magic mapping {unknown}
 d - 2 scrolls of fear {unknown}
 f - a scroll of amnesia {unknown}
 g - a scroll of silence {unknown}
 h - 6 scrolls of poison {unknown}
 i - a scroll of blinking {unknown}
 m - 5 scrolls of teleportation
 n - a scroll of vulnerability {unknown}
 s - a scroll of enchant armour {unknown}
 u - 4 scrolls of identify {unknown}
 y - a scroll of noise {unknown}
Potions
 a - a potion of curing
 c - 2 potions of brilliance
 l - a potion of might
 o - a potion of heal wounds {unknown}
 q - 2 potions of mutation {unknown}
 r - a potion of cancellation
 t - a potion of attraction {unknown}
 x - a potion of ambrosia {unknown}
 C - 4 potions of flight


   Skills:
 * Level 8.1 Fighting
 * Level 8.0 Polearms
 + Level 5.5 Armour
 + Level 5.0 Dodging


You had 7 spell levels left.
You didn't know any spells.
Your spell library was empty.

Dungeon Overview and Level Annotations

Branches:
Dungeon (5/15)             Temple (0/1) D:4           Sewer (visited)

Altars:
Ru

Shops:
D:3 [


Innate Abilities, Weirdness & Mutations

You have a pair of horns on your head.
You reflexively headbutt those who attack you in melee.


Message History

You hear some strange, mumbled words.
A puff of flame appears from out of thin air!
The puff of flame misses you.
The kobold brigand attacks as you move away!
The kobold brigand hits you but does no damage.
You are electrocuted!
* * * LOW HITPOINT WARNING * * *
You puncture the orc!
You kill the orc!
Trog accepts your kill.
The kobold brigand hits you with a +0 dagger of electrocution.
* * * LOW HITPOINT WARNING * * *
The orc wizard casts a spell at you. The magic dart hits you.
* * * LOW HITPOINT WARNING * * *
Something hits you but does no damage.
Unknown command.
Okay, then.
It was a potion of brilliance.
You feel clever all of a sudden. The orc hits you with a +0 short sword.
* * * LOW HITPOINT WARNING * * *
It was a potion of cancellation.
Your magical effects are unravelling.
You feel magically purged.
You feel less confused.
You feel a little less clever now.
The kobold throws a stone.
The kobold brigand hits you but does no damage.
The orc hits you but does no damage.
The orc wizard gestures wildly while chanting.
The orc wizard flickers and vanishes!
Something completely misses you.
It was a potion of might.
You feel very mighty all of a sudden.
The kobold throws a stone.
The stone hits you but does no damage. The kobold brigand barely misses you.
The orc hits you but does no damage. Something hits you but does no damage.
The kobold hits you but does no damage.
It was a potion of haste.
You feel yourself speed up.
The kobold brigand hits you but does no damage.
The orc hits you with a +0 short sword.
You die...

...
.....##......#
.... .....
##.#.#.## ##..
..#..#
#.###..## .
##..##..##...#
##.........###
........†.###
#...........#
............##
........K@...#
........K{o####
...#.....K.>..#
..............#
....##.......?#
.##...........#
##...........#
#...........##
............##


You could see a kobold brigand, an orc and 2 kobolds.

Vanquished Creatures
  Menkaure (D:4)
  An ice beast (D:5)
  An ogre (D:2)
  2 phantoms
  A gnoll sergeant (D:4)
  2 howler monkeys (D:5)
  A jelly (D:5)
  2 hounds
  An orc priest (D:4)
  Jessica (D:3)
  A scorpion zombie (D:3)
  Natasha (thrice) (D:2)
  3 iguanas
  4 orc wizards
  A sickly merfolk siren (Sewer)
  A malarious merfolk avatar (Sewer)
  Robin (D:2)
  9 adders
  8 gnolls
  3 river rats (Sewer)
  An ufetubus (D:4)
  An adder skeleton (D:3)
  3 worms (D:5)
  A dart slug (D:2)
  15 orcs
  12 ball pythons
  6 endoplasms
  4 giant cockroaches
  16 goblins
  10 hobgoblins
  6 kobolds
  4 quokkas (Sewer)
  7 bats
  9 frilled lizards
  A quokka skeleton (D:3)
  17 rats
160 creatures vanquished.

Vanquished Creatures (others)
  An adder (D:4)
1 creature vanquished.

Grand Total: 161 creatures vanquished

Notes
Turn   | Place    | Note
-------+----------+-------------------------------------------
     0 | D:1      | greenreed the Minotaur Berserker began the quest for the
                  | Orb.
     0 | D:1      | Reached XP level 1. HP: 19/19 MP: 0/0
   197 | D:1      | Reached XP level 2. HP: 27/27 MP: 1/1
   889 | D:1      | Reached ** piety under Trog
   948 | D:2      | Reached XP level 3. HP: 33/33 MP: 2/2
   972 | D:2      | Noticed Robin
   986 | D:2      | Killed Robin
  1029 | D:2      | Noticed Natasha
  1038 | D:2      | Killed Natasha
  1039 | D:2      | Reached XP level 4. HP: 41/41 MP: 3/3
  1515 | D:2      | Reached XP level 5. HP: 47/47 MP: 4/4
  1585 | D:2      | Noticed an ogre
  1594 | D:2      | Killed an ogre
  1595 | D:2      | Reached skill level 5 in Fighting
  1595 | D:2      | Reached skill level 5 in Polearms
  1771 | D:2      | Noticed Natasha
  1779 | D:2      | Killed Natasha
  1980 | D:2      | Noticed Natasha
  1990 | D:2      | Killed Natasha
  1991 | D:2      | Reached XP level 6. HP: 40/56 MP: 5/5
  2434 | D:3      | Found a sacrificial altar of Ru.
  2481 | D:3      | Reached *** piety under Trog
  2606 | D:3      | Found Jufeak's Antique Armour Boutique.
  2613 | D:3      | Noticed Jessica
  2615 | D:3      | Killed Jessica
  2874 | D:4      | Noticed Menkaure
  2889 | D:4      | Reached XP level 7. HP: 60/63 MP: 6/6
  2891 | D:4      | Killed Menkaure
  3210 | D:4      | Found a staircase to the Ecumenical Temple.
  3900 | D:5      | Entered Level 5 of the Dungeon
  3919 | D:5      | Reached skill level 5 in Armour
  3926 | D:5      | Reached XP level 8. HP: 35/73 MP: 7/7
  4043 | D:5      | Found a glowing drain.
  4066 | Sewer    | Entered a sewer
  4126 | Sewer    | Reached **** piety under Trog
  4355 | Sewer    | Reached skill level 5 in Dodging
  4437 | Sewer    | Identified the amulet of Jevupiad {Acrobat Str-4 Int-2
                  | Slay+5 Stlth+}
  4573 | D:5      | HP: 2/72 [orc wizard/magic dart (2)]
  4577 | D:5      | Slain by an orc

Illustrated notes

Levels and vault maps discovered:
D:1:      minmay_arrival_semitransparent, layout_loops_corners
D:2:      layout_loops_corners, uniq_robin, uniq_natasha
D:3:      layout_basic, mainiacjoe_overflow_catwalk, serial_shops, shop,
          serial_undead, serial_undead_b, serial_undead_e, serial_undead_e,
          serial_undead_c, minmay_misc_feat_iff, uniq_jessica
D:4:      layout_loops_ring, lemuel_temple_firewalk_b, uniq_menkaure
D:5:      layout_cave_pools, kennysheep_vampire_church,
          mainiacjoe_overflow_paths, cheibrodos_sewer_entry_bend,
          serial_bayou_crossing

Skill      XL: |  1  2  3  4  5  6  7  8 |
---------------+-------------------------+-----
Fighting       | 4 5 6 7 8 |  8.1
Polearms       | 4 5 6 7 8 |  8.0
Armour         | 3 4 5 |  5.5
Dodging        | 3 4 5 |  5.0

Action                     |  1- 3 |  4- 6 |  7- 9 || total
---------------------------+-------+-------+-------++-------
  Melee: Spear             |   124 |   121 |       ||   245
         Headbutt          |    10 |    17 |    23 ||    50
         Trident           |       |    47 |   220 ||   267
         Punch             |       |     1 |     1 ||     2
 Invoke: Berserk           |       |     2 |     2 ||     4
         Trog's Hand       |       |       |     1 ||     1
    Use: Potion            |       |       |     4 ||     4
 Armour: Plate armour      |    57 |    58 |   103 ||   218
         Animal skin       |     3 |       |       ||     3
  Dodge: Dodged            |    25 |    35 |    65 ||   125

Table legend: (Time is in decaauts)
 A = Elapsed time spent in this place.
 B = Non-inter-level travel time spent in this place.
 C = Inter-level travel time spent in this place.
 D = Time resting spent in this place.
 E = Time spent auto-exploring this place.
 F = Levels seen in this place.
 G = Mean time per level.
                   A        B        C        D        E       F      G
               +--------+--------+--------+--------+--------+-----+--------+
         Total |   4596 |   4314 |    282 |    190 |   3152 |   6 |  766.0 |
       Dungeon |   4164 |   3882 |    282 |    190 |   2916 |   5 |  832.8 |
         Sewer |    432 |    432 |      0 |      0 |    236 |   1 |  432.0 |
               +--------+--------+--------+--------+--------+-----+--------+

Top non-repeatable levels by time:
     D:2: 1186 daAuts
     D:4: 1066 daAuts
     D:1: 934 daAuts
     D:3: 723 daAuts
   Sewer: 432 daAuts
     D:5: 254 daAuts
